 Dungeon Crawl Stone Soup version 0.20-a0-16-g0876c8e (webtiles) character file.

41 Naow the Stinger (level 3, 0/21 HPs)
             Began as an Octopode Venom Mage on Nov 4, 2016.
             Was an Initiate of Ru.
             Killed from afar by Sigmund (8 damage)
             ... with a magic dart
             ... on level 3 of the Dungeon.
             The game lasted 00:03:21 (1531 turns).

Naow the Stinger (Octopode Venom Mage)              Turns: 1531, Time: 00:03:22

Health: 0/21       AC:  1    Str:  7    XL:     3   Next: 52%
Magic:  7/7        EV: 13    Int: 18    God:    Ru [......]
Gold:   88         SH:  0    Dex: 12    Spells: 2 memorised, 3 levels left

rFire  . . .     SeeInvis .     m - +5 dagger
rCold  . . .     Gourm    .     (no shield)
rNeg   . . .     Faith    .     (helmet restricted)
rPois  .         Spirit   .     d - amulet of regeneration
rElec  .         Reflect  .     (no ring)
rCorr  .         Harm     .     (no ring)
MR     .....                    (no ring)
Stlth  +++.......               (no ring)
                                (no ring)
                                (no ring)
                                (no ring)
                                (no ring)

@: no status effects
A: almost no armour, stealthy swim, amphibious, 8 rings, constrict 8, camouflage
1, gelatinous body 1
a: Renounce Religion


You were on level 3 of the Dungeon.
You worshipped Ru.
Ru was noncommittal.
You were not hungry.

You visited 1 branch of the dungeon, and saw 3 of its levels.

You collected 88 gold pieces.

Inventory:

Hand Weapons
 f - a +0 dagger
 m - a +5 dagger (weapon)
Jewellery
 d - an amulet of regeneration (around mantle)
Scrolls
 i - a scroll of identify {unknown}
 l - 4 scrolls of teleportation {unknown}
 n - a scroll of enchant armour {unknown}
Potions
 e - a potion of haste {unknown}
 g - a potion of might {unknown}
 h - 3 potions of curing {unknown}
 j - a potion of lignification {unknown}
 k - a potion of brilliance {unknown}
 o - a potion of magic {unknown}
Books
 a - a Young Poisoner's Handbook

   Spells                             Type                      Level
   a - Sting                          Conjuration/Poison           1
   b - Mephitic Cloud                 Conjuration/Poison/Air       3
   c - Olgreb's Toxic Radiance        Poison                       4
   d - Alistair's Intoxication        Transmutation/Poison         5
   e - Venom Bolt                     Conjuration/Poison           5
Comestibles
 b - 2 bread rations


   Skills:
 + Level 2.4 Dodging
 - Level 2.6 Stealth
 + Level 2.8 Spellcasting
 + Level 5.2 Poison Magic


You had 3 spell levels left.
You knew the following spells:

 Your Spells              Type           Power        Failure   Level  Hunger
a - Sting                 Conj/Pois      ##..         8%          1    None
b - Mephitic Cloud        Conj/Pois/Air  #.......     30%         3    ###....


Dungeon Overview and Level Annotations

Branches:
Dungeon (3/15)

Altars:
Hepliaklqana
Ru

Annotations:
D:3 Sigmund


Innate Abilities, Weirdness & Mutations

You cannot wear most types of armour.
You are very stealthy in the water. (Stealth+)
You are amphibious.
You can wear up to eight rings at the same time.
You can use your tentacles to constrict eight enemies at once.
Your skin changes colour to match your surroundings (Stealth+).
Your rubbery body absorbs attacks. (AC +1, EV +1)


Message History

You hit the bat. Your grab misses the bat. You squeeze the bat.
You kill the bat!
Sigmund casts a spell at you.
You are confused.
You are too confused!
You bump into the rock wall.
Sigmund casts a spell at you. The magic dart hits you!
Sigmund hits you with a scythe!
Ouch! That really hurt!
* * * LOW HITPOINT WARNING * * *
You feel less confused.
Sigmund gestures wildly while chanting.
Sigmund flickers and vanishes!
Deactivating autopickup; reactivate with Ctrl-A.
The kobold closely misses you. The kobold barely misses you.
A magic dart appears from out of thin air!
The magic dart hits you!
You die...

#....# ####.#
#####.#
#.....#####
#.######..#
#.....##..# #
#.........#
###.##...#.#...#
#....<..@#@K...#
######.#.#..#.##
#....##.#.##...
.......
..#...####
##..... ..#.#+
#..... ..#..
.......#..#..
.##.... ....
..... ##


You could see a kobold.

Vanquished Creatures
  A leopard gecko (D:1)
  A ball python (D:2)
  4 bats
  2 giant cockroaches
  6 goblins
  5 hobgoblins
  4 kobolds
  A quokka (D:2)
  2 frilled lizards (D:1)
  10 rats
36 creatures vanquished.

Notes
Turn   | Place    | Note
-------+----------+-------------------------------------------
     0 | D:1      | Naow the Octopode Venom Mage began the quest for the Orb.
     0 | D:1      | Reached XP level 1. HP: 11/11 MP: 3/3
   122 | D:1      | Reached skill level 5 in Poison Magic
   122 | D:1      | Reached XP level 2. HP: 14/17 MP: 5/5
   655 | D:1      | Reached XP level 3. HP: 21/21 MP: 6/6
   660 | D:1      | Learned a level 3 spell: Mephitic Cloud
   725 | D:2      | Found a hazy altar of Hepliaklqana.
   926 | D:2      | Found a sacrificial altar of Ru.
   934 | D:2      | Became a worshipper of Ru the Awakened
  1516 | D:3      | Noticed Sigmund
  1531 | D:3      | Killed from afar by Sigmund

Vault maps used:
D:1:      dpeg_arrival_ratfight
D:2:      nicolae_overflow_crystal_walls, nicolae_ru_sacrificial_ziggurat,
          minmay_misc_feat_more_columns, dk_noncrumbling_3
D:3:      bloody_makhleb, lemuel_coloured_pillars_altar, lemuel_round_altar,
          uniq_sigmund

Skill      XL: |  1 |
---------------+----+-----
Poison Magic   | 5 |  5.2
Dodging        | |  2.4
Stealth        | |  2.6
Spellcasting   | |  2.8

Action                   || total
-------------------------++-------
Melee: Constrict         ||    20
       Dagger            ||    61
       Tentacles         ||    12
       Unarmed           ||     4
 Stab: Sleeping          ||    13
  Eat: Chunk             ||     2
Armor: Skin              ||     4
Dodge: Dodged            ||    28
